 Dungeon Crawl Stone Soup version 0.30-a0-830-gfe289a77b0 (webtiles) character file.

Game seed: 5557977140898206507

1327 Nacht the Digger (level 8, -7/37 (52) HPs)
             Began as a Demonspawn Earth Elementalist on Mar 1, 2023.
             Mangled by a wight
             ... wielding a +0 flail
              (9 damage)
             ... on level 6 of the Dungeon.
             The game lasted 00:06:00 (4793 turns).

Nacht the Digger (Demonspawn Earth Elementalist)    Turns: 4793, Time: 00:06:01

HP:   -7/37 (52)    AC:  2    Str: 10    XL:     8   Next: 34%
MP:   1/15          EV: 12    Int: 18    God:
Gold: 260           SH:  0    Dex: 13    Spells: 11/17 levels left

rFire   . . .      SeeInvis .    (no weapon)
rCold   . . .      Faith    .    (no shield)
rNeg    . . .      Spirit   .    a - +0 robe
rPois   .          Reflect  .    (helmet restricted)
rElec   .          Harm     .    (no cloak)
rCorr   .          Rampage  .    (no gloves)
Will    .....                    (no boots)
Stlth   ++                       (no amulet)
HPRegen 0.26/turn                (no ring)
MPRegen 0.28/turn                (no ring)

@: very heavily drained
A: horns 2, powered by death 1, magic regeneration
a: no special abilities


You were on level 6 of the Dungeon.
You visited 1 branch of the dungeon, and saw 6 of its levels.

You collected 260 gold pieces.

Inventory:

Missiles
 b - 12 poisoned darts
 j - a throwing net
Armour
 a - a +0 robe (worn)
Jewellery
 g - an amulet of faith
 i - an amulet of guardian spirit
Wands
 r - a wand of polymorph (24)
 t - a wand of paralysis (11)
Scrolls
 d - 2 scrolls of poison
 k - 3 scrolls of enchant weapon
 l - a scroll of immolation {unknown}
 n - a scroll of silence {unknown}
 o - 2 scrolls of identify
 p - a scroll of amnesia {unknown}
 u - a scroll of blinking {unknown}
 v - 2 scrolls of teleportation {unknown}
 w - a scroll of vulnerability {unknown}
Potions
 c - a potion of attraction {unknown}
 e - 5 potions of curing {unknown}
 f - 2 potions of flight {unknown}


   Skills:
 - Level 1.7 Dodging
 - Level 1.7 Stealth
 + Level 5.1 Spellcasting
 + Level 6.1 Conjurations
 - Level 0.8 Transmutations
 + Level 6.2 Earth Magic


You had 11 spell levels left.
You knew the following spells:

 Your Spells              Type           Power      Damage    Failure   Level
a - Sandblast             Erth           54%        2d13      1%          1
b - Stone Arrow           Conj/Erth      52%        3d10      3%          3
w - Passwall              Tmut/Erth      14%        N/A       4%          2

Your spell library contained the following spells:

 Spells                   Type           Power      Damage    Failure   Level
 Petrify                  Tmut/Erth      17%        N/A       30%         4


Dungeon Overview and Level Annotations

Branches:
Dungeon (6/15)
 Temple: D:4-7

Altars:
Cheibriados
Gozag
Makhleb
Ru
Trog
Wu Jian

Annotations:
D:4 1 runed translucent door, bronco's ghost, novice HuGl


Innate Abilities, Weirdness & Mutations

You have a pair of horns on your head.
You regenerate a little health from kills.
You regenerate magic rapidly.


Message History

Confirm with . or Enter, or press ? or * to list all spells.
Aiming: Stone Arrow (dangerous; 3% risk of failure)
Press: ? - help, Shift-Dir - straight line, f/p - wight
Aim: a wight, wielding a +3 battleaxe and wearing a +0 robe (severely damaged, 71% to hit)
The stone arrow hits the wight!
You destroy the wight!
The wight hits you but does no damage.
You feel drained. The wight hits you with a +0 flail!
* * * LOW HITPOINT WARNING * * *
Casting: Stone Arrow (dangerous; 3% risk of failure)
Confirm with . or Enter, or press ? or * to list all spells.
Aiming: Sandblast (safe; 1% risk of failure)
Press: ? - help, Shift-Dir - straight line, f - wight
Aim: a wight, wielding a +0 long sword of draining and wearing a +0 robe (83% to hit)
The blast of sand hits the wight.
The wight is moderately damaged.
The wight hits you but does no damage.
The wight hits you with a +0 long sword of draining.
* * * LOW HITPOINT WARNING * * *
You feel drained.
* * * LOW HITPOINT WARNING * * *
The wight hits you but does no damage. x2; You feel drained.
It was a potion of might.
You feel very mighty all of a sudden.
The wight hits you with a +0 long sword of draining.
* * * LOW HITPOINT WARNING * * *
You feel drained.
* * * LOW HITPOINT WARNING * * *
You feel drained. The wight hits you but does no damage.
It was a potion of haste.
You feel yourself speed up. The wight hits you but does no damage.
You feel drained. The wight hits you but does no damage.
It was a potion of cancellation.
Your magical effects are unravelling.
You feel magically purged.
You feel less wooden.
Your +0 robe unmelds from your body.
You feel yourself slow down.
You feel a little less mighty now. The wight misses you.
The wight hits you with a +0 flail!
You die...

##... †....... #...
##..##.... #..
#........#
####.#####..##.....
#...........#......
#........)..#......
#..†.....####......
#.)z.....# ##...z..
#.@z.....###....o..
#.†............<).W
#.....>...###....o.#
##................†.
###########...###..
#... #.. #... ...
#.. ._. ### ...


You could see 2 wights.

Vanquished Creatures
  Grinder (D:4)
  A centaur (D:5)
  2 phantoms
  A necrophage (D:5)
  2 scorpions
  2 wights (D:6)
  A howler monkey (D:6)
  2 jellies
  3 hounds
  An orc priest (D:2)
  Ijyb (D:4)
  An iguana (D:5)
  Natasha (thrice) (D:4)
  An orc wizard (D:6)
  A hound skeleton (D:5)
  7 gnolls
  7 adders
  A white imp (D:5)
  3 dart slugs (D:1)
  12 orcs
  5 endoplasms
  3 giant cockroaches
  4 hobgoblins
  4 jackals (D:3)
  4 kobolds
  5 quokkas
  12 ball pythons
  6 bats
  2 frilled lizards
  8 goblins
  8 rats
114 creatures vanquished.

Vanquished Creatures (others)
  2 withered plants (D:4)
2 creatures vanquished.

Grand Total: 116 creatures vanquished

Notes
Turn   | Place    | Note
-------+----------+-------------------------------------------
     0 | D:1      | Nacht the Demonspawn Earth Elementalist began the quest for
                  | the Orb.
     0 | D:1      | Reached XP level 1. HP: 13/13 MP: 3/3
   201 | D:1      | Gained mutation: You regenerate magic rapidly. [demonic
                  | ancestry]
   201 | D:1      | Reached XP level 2. HP: 9/19 MP: 0/5
   480 | D:1      | Learned a level 2 spell: Passwall
   605 | D:1      | Reached XP level 3. HP: 24/24 MP: 4/6
   769 | D:1      | Learned a level 3 spell: Stone Arrow
   915 | D:2      | Reached skill level 1 in Conjurations
   983 | D:2      | Found a faded altar of an unknown god.
  1059 | D:2      | Gained mutation: You have a pair of small horns on your
                  | head. [demonic ancestry]
  1059 | D:2      | Reached XP level 4. HP: 24/30 MP: 0/7
  1639 | D:2      | Reached XP level 5. HP: 14/35 MP: 1/8
  2591 | D:4      | Noticed Grinder
  2594 | D:4      | Paralysed by Grinder for 2 turns
  2596 | D:4      | Killed Grinder
  2597 | D:4      | Gained mutation: You regenerate a little health from kills.
                  | [demonic ancestry]
  2597 | D:4      | Reached XP level 6. HP: 32/41 MP: 6/10
  2700 | D:4      | Noticed Natasha
  2705 | D:4      | Killed Natasha
  2733 | D:4      | Noticed Ijyb
  2749 | D:4      | Killed Ijyb
  2799 | D:4      | Noticed Natasha
  2803 | D:4      | Killed Natasha
  2818 | D:4      | Found a runed translucent door.
  2818 | D:4      | Noticed bronco's ghost (novice HuGl)
  2968 | D:4      | Noticed Natasha
  2973 | D:4      | Killed Natasha
  2974 | D:4      | Gained mutation: You have a pair of horns on your head.
                  | [demonic ancestry]
  2974 | D:4      | Reached XP level 7. HP: 46/46 MP: 7/12
  3535 | D:5      | Entered Level 5 of the Dungeon
  3563 | D:5      | Reached skill level 5 in Earth Magic
  4009 | D:5      | Found a burning altar of Makhleb.
  4014 | D:5      | Reached skill level 5 in Conjurations
  4118 | D:5      | Found a sacrificial altar of Ru.
  4118 | D:5      | Found an opulent altar of Gozag.
  4122 | D:5      | Found an ornate altar of the Wu Jian Council.
  4487 | D:5      | Found a bloodstained altar of Trog.
  4589 | D:6      | Found a snail-covered altar of Cheibriados.
  4592 | D:6      | Reached XP level 8. HP: 52/52 MP: 10/14
  4770 | D:6      | Reached skill level 5 in Spellcasting
  4791 | D:6      | HP: 2/58 [wight/+0 long sword of draining (2)]
  4793 | D:6      | Mangled by a wight

Illustrated notes

Levels and vault maps discovered:
D:1:      sevenhm_arrival_forest_fort_large_4, layout_rooms, serial_rivers,
          chequers_serial_rivers_small_a, chequers_serial_rivers_room_a,
          chequers_serial_rivers_micro_a, chequers_serial_rivers_micro_d
D:2:      layout_basic, basic_ecumenical_altar
D:3:      layout_loops_ring, serial_aquarium, aquarium_bridge_square
          [aquarium_subvault_balcony, aquarium_subvault_window,
          aquarium_subvault_window, aquarium_subvault_bridge],
          aquarium_window_1, aquarium_window_corner, aquarium_window_fake,
          aquarium_window_corner, aquarium_view_2e, aquarium_view_2d,
          minmay_shallow_snake_nest
D:4:      layout_loops_ring, gammafunk_ghost_grave, uniq_ijyb, uniq_grinder,
          uniq_natasha
D:5:      layout_basic, mainiacjoe_overflow_alcove_4,
          grunt_temple_overflow_open, makhleb_blood_cavern_becter
D:6:      layout_rooms, nicolae_overflow_crystal_walls, temple_green,
          serial_shops, shop_fountains, enter_ossuary_4, uniq_prince_ribbit1

Skill      XL: |  1  2  3  4  5  6  7  8 |
---------------+-------------------------+-----
Earth Magic    | 3 4 5 6 |  6.2
Conjurations   | 1 2 3 4 5 6 |  6.1
Spellcasting   | 3 4 5 |  5.1
Dodging        | |  1.7
Stealth        | |  1.7
Transmutations | |  0.8

Action                     |  1- 3 |  4- 6 |  7- 9 || total
---------------------------+-------+-------+-------++-------
  Melee: Unarmed           |       |     9 |       ||     9
         Headbutt          |       |     1 |       ||     1
   Cast: Sandblast         |    62 |    84 |    36 ||   182
         Stone Arrow       |       |       |    29 ||    29
    Use: Potion            |     1 |     2 |     4 ||     7
         Scroll            |       |       |     2 ||     2
 Armour: Robe              |     7 |     3 |     5 ||    15
         Skin              |       |    14 |     9 ||    23
  Dodge: Dodged            |    39 |    35 |    17 ||    91

Table legend: (Time is in decaauts)
 A = Elapsed time spent in this place.
 B = Non-inter-level travel time spent in this place.
 C = Inter-level travel time spent in this place.
 D = Time resting spent in this place.
 E = Time spent auto-exploring this place.
 F = Levels seen in this place.
 G = Mean time per level.
                   A        B        C        D        E       F      G
               +--------+--------+--------+--------+--------+-----+--------+
         Total |   4885 |   4621 |    264 |    100 |   3703 |   6 |  814.2 |
       Dungeon |   4885 |   4621 |    264 |    100 |   3703 |   6 |  814.2 |
               +--------+--------+--------+--------+--------+-----+--------+

Top non-repeatable levels by time:
     D:5: 1101 daAuts
     D:2: 978 daAuts
     D:4: 959 daAuts
     D:1: 865 daAuts
     D:3: 804 daAuts
     D:6: 174 daAuts
